 Dungeon Crawl Stone Soup version 0.30-a0-5-g3a90980b9d (webtiles) character file.

Game seed: 7459153358939158634

154 BritishOli the Trooper (level 5, -3/42 HPs)
             Began as a Demonspawn Fighter on Aug 22, 2022.
             Slain by a gnoll
             ... wielding a +0 flail
              (8 damage)
             ... on level 1 of the Dungeon.
             The game lasted 00:04:24 (2314 turns).

BritishOli the Trooper (Demonspawn Fighter)         Turns: 2314, Time: 00:04:25

Health: -3/42      AC:  6    Str: 18    XL:     5   Next: 13%
Magic:  5/5        EV:  9    Int: 10    God:
Gold:   117        SH:  9    Dex: 18    Spells: 4/4 levels left

rFire   . . .      SeeInvis .    a - +0 long sword
rCold   . . .      Faith    .    c - +0 buckler
rNeg    . . .      Spirit   .    b - +0 scale mail
rPois   .          Reflect  .    (no helmet)
rElec   .          Harm     .    l - scarf {repulsion}
rCorr   .          Rampage  .    (no gloves)
Will    .....                    (no boots)
Stlth   ..........               (no amulet)
HPRegen 0.14/turn                i - +6 ring of dexterity
MPRegen 0.09/turn                (no ring)

@: repel missiles
A: hooves 1, large bone plates 1, powered by death 1
a: no special abilities


You were on level 1 of the Dungeon.
You visited 1 branch of the dungeon, and saw 3 of its levels.

You collected 117 gold pieces.

Inventory:

Hand Weapons
 a - a +0 long sword (weapon)
Armour
 b - a +0 scale mail (worn)
 c - a +0 buckler (worn)
 l - a scarf of repulsion (worn)
Jewellery
 i - a +6 ring of dexterity (left hand)
 o - a ring of fire
Scrolls
 g - a scroll of fear {unknown}
 j - 3 scrolls of identify {unknown}
 k - 2 scrolls of teleportation {unknown}
 m - 2 scrolls of amnesia {unknown}
 n - a scroll of immolation {unknown}
 q - a scroll of blinking {unknown}
 r - a scroll of noise {unknown}
 s - a scroll of summoning {unknown}
 t - a scroll of silence {unknown}
Potions
 d - 2 potions of might
 e - 2 potions of heal wounds {unknown}
 f - a potion of curing
 h - 2 potions of resistance {unknown}
 p - a potion of mutation {unknown}


   Skills:
 + Level 3.9 Fighting
 + Level 2.8 Long Blades
 + Level 3.5 Armour
 + Level 3.5 Shields


You had 4 spell levels left.
You didn't know any spells.
Your spell library was empty.

Dungeon Overview and Level Annotations

Branches:
Dungeon (3/15)

Altars:


Innate Abilities, Weirdness & Mutations

You have large cloven feet.
You are partially covered in large bone plates. (SH +4)
You regenerate a little health from kills.


Message History

You hit the gnoll.
The gnoll is lightly wounded.
The gnoll hits you with a +0 flail! The gnoll closely misses you.
The gnoll hits you with a +0 flail. The gnoll hits you but does no damage.
You closely miss the gnoll. You kick the gnoll, but do no damage.
The gnoll is lightly wounded.
The gnoll hits you with a +0 flail! The gnoll misses you.
The gnoll barely misses you. You block the gnoll's attack.
The gnoll hits you with a +0 flail!
* * * LOW HITPOINT WARNING * * *
The gnoll attacks as you move away! You block the gnoll's attack.
The gnoll attacks as you move away! The gnoll hits you with a +0 flail.
* * * LOW HITPOINT WARNING * * *
The gnoll attacks as you move away! You block the gnoll's attack.
The gnoll attacks as you move away! You block the gnoll's attack.
The gnoll attacks as you move away! The gnoll closely misses you.
There is a stone staircase leading up, spattered with blood here.
You block the gnoll's attack. x2
You climb upwards.
There is a stone staircase leading down, spattered with blood here.
You hit the gnoll but do no damage. You kick the gnoll, but do no damage.
The gnoll barely misses you.
You hit the gnoll. You kick the gnoll, but do no damage.
The gnoll is lightly wounded.
You block the gnoll's attack.
You barely miss the gnoll. You kick the gnoll, but do no damage.
The gnoll is lightly wounded.
You block the gnoll's attack. x2
You barely miss the gnoll.
The gnoll is lightly wounded.
The gnoll closely misses you.
You hit the gnoll but do no damage. You kick the gnoll.
The gnoll is heavily wounded.
The gnoll closely misses you.
You barely miss the gnoll.
The gnoll is heavily wounded.
The gnoll hits you with a +0 flail.
* * * LOW HITPOINT WARNING * * *
The gnoll hits you with a +0 flail!
You die...

#........)........#
#.........#....####
##..........>..#
#.........#....#
#..........#.#.#
#............).#
#.........#.#..########
#.........#.#....g....#
##.....)..#.#...@...>.#
........#...#.........#
......................#
..†...####............#
......# #............#
......# #......#.#####
......# ####.....#
......########....####
.....................#


You could see a gnoll.

Vanquished Creatures
  Natasha (thrice) (D:2)
  2 adders (D:1)
  2 dart slugs
  3 orcs (D:2)
  4 ball pythons
  7 bats
  3 endoplasms
  2 giant cockroaches (D:1)
  3 goblins
  4 hobgoblins
  10 kobolds
  3 quokkas
  A frilled lizard (D:2)
  6 rats
53 creatures vanquished.

Notes
Turn   | Place    | Note
-------+----------+-------------------------------------------
     0 | D:1      | BritishOli the Demonspawn Fighter began the quest for the
                  | Orb.
     0 | D:1      | Reached XP level 1. HP: 18/18 MP: 1/1
    45 | D:1      | Gained mutation: You are partially covered in large bone
                  | plates. (SH +4) [demonic ancestry]
    45 | D:1      | Reached XP level 2. HP: 19/24 MP: 2/2
   643 | D:1      | Gained mutation: You regenerate a little health from kills.
                  | [demonic ancestry]
   643 | D:1      | Reached XP level 3. HP: 29/29 MP: 3/3
  1216 | D:2      | Found a faded altar of an unknown god.
  1310 | D:2      | Gained mutation: You have large cloven feet. [demonic
                  | ancestry]
  1310 | D:2      | Reached XP level 4. HP: 36/36 MP: 4/4
  1527 | D:2      | Noticed Natasha
  1536 | D:2      | Killed Natasha
  1700 | D:2      | Noticed Natasha
  1876 | D:2      | Killed Natasha
  1881 | D:2      | Noticed Natasha
  2197 | D:2      | Killed Natasha
  2198 | D:2      | Reached XP level 5. HP: 31/42 MP: 5/5
  2314 | D:1      | Slain by a gnoll

Illustrated notes

Levels and vault maps discovered:
D:1:      saegor_arrival_miasma, layout_rooms
D:2:      layout_rooms, dreamdust_ecumenical_altar_grove, uniq_natasha
D:3:      layout_basic, nicolae_underground_beach

Skill      XL: |  1  2 |
---------------+-------+-----
Long Blades    | 2 |  2.8
Shields        | 3 |  3.5
Armour         | 3 |  3.5
Fighting       | |  3.9

Action                   |  1- 3 |  4- 6 || total
-------------------------+-------+-------++-------
Melee: Long sword        |   133 |    60 ||   193
       Kick              |       |    21 ||    21
Armor: Scale mail        |    69 |    12 ||    81
Dodge: Dodged            |    69 |    35 ||   104
       Repelled          |       |     3 ||     3
Block: Buckler           |    97 |    37 ||   134

Table legend: (Time is in decaauts)
 A = Elapsed time spent in this place.
 B = Non-inter-level travel time spent in this place.
 C = Inter-level travel time spent in this place.
 D = Time resting spent in this place.
 E = Time spent auto-exploring this place.
 F = Levels seen in this place.
 G = Mean time per level.
                   A        B        C        D        E       F      G
               +--------+--------+--------+--------+--------+-----+--------+
         Total |   2398 |   2359 |     39 |    766 |    966 |   3 |  799.3 |
       Dungeon |   2398 |   2359 |     39 |    766 |    966 |   3 |  799.3 |
               +--------+--------+--------+--------+--------+-----+--------+

Top non-repeatable levels by time:
     D:1: 1413 daAuts
     D:2: 964 daAuts
     D:3: 20 daAuts
